 Dungeon Crawl Stone Soup version 0.20.1-1-g8b1a95d (webtiles) character file.

3096 Jazqa the Grappler (level 9, 0/93 HPs)
             Began as a Troll Berserker on Oct 28, 2017.
             Was an Elder of Trog.
             Slain by a seven-headed hydra (6 damage)
             ... on level 8 of the Dungeon.
             The game lasted 00:09:46 (5734 turns).

Jazqa the Grappler (Troll Berserker)                Turns: 5734, Time: 00:09:46

Health: 0/93       AC:  9    Str: 27    XL:     9   Next: 59%
Magic:  8/8        EV: 13    Int:  3    God:    Trog [****..]
Gold:   347        SH:  0    Dex: 12    Spells: 8/8 levels left

rFire    . . .     SeeInvis .     - Unarmed
rCold    . . .     Gourm    +   (no shield)
rNeg     + . .     Faith    +   a - +1 animal skin
rPois    .         Spirit   .   (helmet restricted)
rElec    .         Reflect  .   (no cloak)
rCorr    .         Harm     .   (gloves unavailable)
MR       .....                  (boots unavailable)
Stlth    +.........             H - amulet of faith {!P}
Regen    0.7/turn               O - +3 ring of protection
MPRegen  0.2/turn               N - ring of positive energy

@: berserk cooldown, slowed, very slow
A: unfitting armour, claws 3, fast metabolism 3, gourmand, regeneration 1,
shaggy fur 1, tough skin 2
a: Berserk, Trog's Hand, Brothers in Arms, Burn Spellbooks, Renounce Religion


You were on level 8 of the Dungeon.
You worshipped Trog.
Trog was greatly pleased with you.
You were very full.

You visited 1 branch of the dungeon, and saw 8 of its levels.

You collected 347 gold pieces.


Innate Abilities, Weirdness & Mutations

You are too large for most types of armour.
You have claws for hands.
Your metabolism is lightning-fast.
You like to eat raw meat.
Your natural rate of healing is unusually fast.
You are covered in fur. (AC +1)
You have very tough skin. (AC +2)


   Skills:
 + Level 7.1 Fighting
 + Level 6.9 Dodging
 + Level 8.3 Unarmed Combat


You had 8 spell levels left.
You didn't know any spells.

Inventory:

Missiles
 e - 2 throwing nets (quivered) {=f}
Armour
 a - a +1 animal skin (worn)
Jewellery
 H - an amulet of faith (around neck) {!P}
 N - a ring of positive energy (right claw)
 O - a +3 ring of protection (left claw)
 R - an uncursed ring of resist corrosion
Wands
 t - a wand of scattershot (8/9)
Scrolls
 f - 9 scrolls of remove curse {@r2}
 h - 4 scrolls of teleportation {@r4}
 i - a scroll of magic mapping
 l - a scroll of enchant weapon {unknown}
 r - 4 scrolls of identify {@r1}
Potions
 c - a potion of agility
 d - 2 potions of lignification {!q}
 g - a potion of ambrosia
 k - a potion of curing {unknown}
 m - a potion of resistance
 n - 2 potions of heal wounds {@q2}
 v - a potion of degeneration {unknown}
 z - a potion of haste {unknown}
Books
 x - a book of Flames

   Spells                             Type                      Level
   a - Flame Tongue                   Conjuration/Fire             1
   b - Throw Flame                    Conjuration/Fire             2
   c - Conjure Flame                  Conjuration/Fire             3
   d - Inner Flame                    Hexes/Fire                   3
   e - Sticky Flame                   Conjuration/Fire             4
   f - Fireball                       Conjuration/Fire             5
   Trog disapproves of the use of such an item.
Comestibles
 b - 6 bread rations {@e1}
 j - 5 chunks of flesh
 s - 2 meat rations {@e1}
 w - 6 royal jellies {@e3}
 A - 19 fruits {@e2}

Dungeon Overview and Level Annotations

Branches:
Dungeon (8/15)             Temple (0/1) D:4
   Lair: D:8-11

Altars:
Dithmenos
Fedhas
Nemelex Xobeh
Trog
Xom

Shops:
D:5 :

Annotations:
D:6 2 transporters

######## ##.......
##........ ▒▒▒▒######
#........÷ ▒.)+.P≈PP#
#......... ▒%.▒≈≈≈≈P#
#.........
▒'▒▒P≈P)≈#####.........
▒..#.....#..)..........
▒..'KD@.≈..####........
▒..'.P...### ##.......
▒..'....≈# ########
▒..▒.....# ▒▒▒▒######


You could see a seven-headed hydra and a big kobold.


Message History

The six-headed hydra bites you but does no damage.
The six-headed hydra closely misses you.
The six-headed hydra bites you but does no damage.
The six-headed hydra bites you!
You claw one of the six-headed hydra's heads off!
The five-headed hydra grows two more!
You mangle the seven-headed hydra!!
The seven-headed hydra is severely wounded.
The seven-headed hydra bites you!
* * * LOW HITPOINT WARNING * * *
The seven-headed hydra misses you.
The seven-headed hydra bites you but does no damage.
The seven-headed hydra bites you!
* * * LOW HITPOINT WARNING * * *
The seven-headed hydra bites you!
* * * LOW HITPOINT WARNING * * *
The seven-headed hydra barely misses you.
The seven-headed hydra bites you!
* * * LOW HITPOINT WARNING * * *
You feel a strong urge to attack something.
There is an open gate here.
You are no longer berserk.
Trog's vigour flows through your veins.
You are exhausted.
You feel yourself slow down.
The seven-headed hydra bites you but does no damage.
The seven-headed hydra barely misses you.
The seven-headed hydra bites you!
* * * LOW HITPOINT WARNING * * *
The seven-headed hydra bites you.
You die...

Skill      XL: |  1  2  3  4  5  6  7  8  9 |
---------------+----------------------------+-----
Dodging        | 3 4 5 6 |  6.9
Fighting       | 3 4 5 6 7 |  7.1
Unarmed Combat | 4 5 6 7 8 |  8.3

Action                   |  1- 3 |  4- 6 |  7- 9 || total
-------------------------+-------+-------+-------++-------
Melee: Unarmed           |    90 |   143 |   228 ||   461
       Punch             |     2 |     4 |     5 ||    11
Invok: Berserk           |     1 |     5 |     6 ||    12
  Use: Scroll            |       |     5 |    13 ||    18
 Stab: Sleeping          |     1 |     2 |     1 ||     4
  Eat: Chunk             |    13 |    24 |    32 ||    69
Armor: Animal skin       |    38 |    42 |   113 ||   193
Dodge: Dodged            |    58 |    72 |   203 ||   333

Vault maps used:
D:1:      ncdulo_wetmaze, chequers_big_river, serial_bayou_pond_b
D:3:      first_bread, kennysheep_generic_room_4, uniq_robin
D:4:      minmay_temple_entry_hall, nemelex_dance_club_becter
D:5:      gammafunk_temple_overflow_forgotten, serial_shops,
          kennysheep_little_box, lexackson_kobold_supper, uniq_duvessa
D:6:      gammafunk_wand_slinger, basic_altar, uniq_menkaure
D:7:      uniq_prince_ribbit1
D:8:      gammafunk_the_bubble, lair_entry_dummy, hangedman_ranch

Notes
Turn   | Place    | Note
-------+----------+-------------------------------------------
     0 | D:1      | Jazqa the Troll Berserker began the quest for the Orb.
     0 | D:1      | Reached XP level 1. HP: 22/22 MP: 0/0
    51 | D:1      | Reached XP level 2. HP: 29/29 MP: 1/1
   438 | D:1      | Reached XP level 3. HP: 36/36 MP: 2/2
   766 | D:2      | Reached skill level 3 in Dodging
   818 | D:2      | Reached ** piety under Trog
   828 | D:2      | Reached skill level 3 in Fighting
   828 | D:2      | Reached XP level 4. HP: 45/45 MP: 3/3
   831 | D:2      | Reached skill level 4 in Unarmed Combat
  1495 | D:3      | Reached XP level 5. HP: 53/53 MP: 4/4
  1781 | D:3      | Noticed an ogre
  1786 | D:3      | Killed an ogre
  1926 | D:3      | Noticed Robin
  1942 | D:3      | Killed Robin
  1944 | D:3      | Reached XP level 6. HP: 62/62 MP: 5/5
  2338 | D:4      | Reached *** piety under Trog
  2438 | D:4      | Found a sparkling altar of Nemelex Xobeh.
  2594 | D:4      | Found a staircase to the Ecumenical Temple.
  2771 | D:5      | Entered Level 5 of the Dungeon
  2776 | D:5      | Reached skill level 4 in Fighting
  2826 | D:5      | Reached skill level 4 in Dodging
  2826 | D:5      | Reached skill level 5 in Unarmed Combat
  2894 | D:5      | Noticed Dowan
  2894 | D:5      | Noticed Duvessa
  2897 | D:5      | Reached XP level 7. HP: 71/71 MP: 6/6
  2973 | D:5      | Killed Duvessa
  2991 | D:4      | Killed Dowan
  3214 | D:5      | Found Gajitw Alie's Book Shoppe.
  3625 | D:5      | Reached skill level 5 in Fighting
  3625 | D:5      | Reached skill level 6 in Unarmed Combat
  3787 | D:5      | Reached skill level 5 in Dodging
  3787 | D:5      | Reached XP level 8. HP: 80/80 MP: 7/7
  3824 | D:5      | Found a shadowy altar of Dithmenos.
  3826 | D:5      | Found a blossoming altar of Fedhas.
  3876 | D:5      | Found a bloodstained altar of Trog.
  4156 | D:6      | Noticed Menkaure
  4163 | D:6      | Killed Menkaure
  4290 | D:6      | Found a transporter.
  4294 | D:6      | Noticed a kobold demonologist
  4308 | D:6      | Found a transporter.
  4367 | D:6      | Found a shimmering altar of Xom.
  4389 | D:6      | Reached **** piety under Trog
  4879 | D:7      | Reached skill level 7 in Unarmed Combat
  4953 | D:7      | Reached skill level 6 in Fighting
  4959 | D:7      | Identified a potion of resistance
  5027 | D:7      | Noticed Prince Ribbit
  5032 | D:7      | Killed Prince Ribbit
  5032 | D:7      | Reached skill level 6 in Dodging
  5245 | D:7      | Reached XP level 9. HP: 91/91 MP: 8/8
  5575 | D:8      | Reached skill level 8 in Unarmed Combat
  5580 | D:8      | Reached skill level 7 in Fighting
  5720 | D:8      | Noticed a two-headed hydra
  5734 | D:8      | HP: 6/93 [seven-headed hydra (8)]
  5734 | D:8      | Slain by a seven-headed hydra

Vanquished Creatures
  Prince Ribbit (D:7)
  2 dream sheep (D:8)
  2 yaks (D:8)
  A steam dragon (D:8)
  Menkaure (D:6)
  Duvessa (D:5)
  2 ogres
  A phantom (D:8)
  A centaur (D:6)
  3 big kobolds
  3 bullfrogs (D:7)
  A gnoll sergeant (D:5)
  Dowan (D:4)
  4 scorpions
  3 crimson imps
  A bullfrog zombie (D:7)
  2 hounds
  2 orc priests
  2 bullfrog skeletons
  3 iguanas
  4 worker ants
  A killer bee zombie (D:6)
  A hound zombie (D:5)
  A hound skeleton (D:5)
  Robin (D:3)
  12 gnolls
  7 adders
  A shadow imp (D:7)
  3 oozes
  2 adder skeletons (D:4)
  3 worms
  3 dart slugs
  9 leopard geckos
  11 orcs
  7 bats
  5 giant cockroaches
  13 goblins
  9 hobgoblins
  4 jackals (D:2)
  8 kobolds
  4 frilled lizards
  A giant cockroach zombie (D:5)
  2 leopard gecko zombies
  6 rats
155 creatures vanquished.

Vanquished Creatures (others)
  A plant (D:5)
1 creature vanquished.

Grand Total: 156 creatures vanquished
